 Dungeon Crawl Stone Soup version 0.29.0-4-gdea44cf6ec (webtiles) character file.

Game seed: 2585548235032794115

4690 Labrat the Destroyer (level 10, -2/81 HPs)
             Began as a Demigod Conjurer on Aug 26, 2022.
             Shot with an arrow by a centaur warrior (22 damage)
             ... on level 8 of the Dungeon.
             The game lasted 00:24:29 (10508 turns).

Labrat the Destroyer (Demigod Conjurer)            Turns: 10508, Time: 00:24:29

Health: -2/81      AC: 10    Str:  8    XL:     10   Next: 1%
Magic:  43/45      EV: 11    Int: 32    God:
Gold:   538        SH:  2    Dex:  9    Spells: 20/27 levels left

rFire   . . .      SeeInvis .   n - +11 whip "Eveuw" {speed, Drain rN+++ rCorr Dex-3}
rCold   . . .      Faith    .   o - +0 buckler
rNeg    + + +      Spirit   .   B - +0 steam dragon scales
rPois   .          Reflect  .   r - +2 helmet
rElec   .          Harm     .   A - +1 cloak
rCorr   +          Rampage  .   (no gloves)
Will    +....                   (no boots)
Stlth   ++........              C - amulet of magic regeneration
HPRegen 0.23/turn               d - ring of magical power
MPRegen 0.69/turn               D - ring of magical power

@: no status effects
A: high MP 1, forlorn, divine attributes
a: no special abilities


You were on level 8 of the Dungeon.
You visited 2 branches of the dungeon, and saw 9 of its levels.
You also visited: Sewer.

You collected 538 gold pieces.

Inventory:

Hand Weapons
 n - the +11 whip "Eveuw" (weapon) {speed, Drain rN+++ rCorr Dex-3}
   (You found it on level 2 of the Dungeon)

   Attacks with this weapon are significantly faster.
   Dex:       It affects your dexterity (-3).
   rN:        It renders you almost immune to negative energy.
   rCorr:     It protects you from acid and corrosion.
   Drain:     It drains your maximum health when unequipped.
Missiles
 e - 10 poisoned darts
 f - 2 curare-tipped darts
Armour
 o - a +0 buckler (worn)
 r - a +2 helmet (worn)
 A - a +1 cloak (worn)
 B - +0 steam dragon scales (worn)
Magical Staves
 N - a staff of conjuration
Jewellery
 d - a ring of magical power (left hand)
 p - a +6 ring of dexterity
 C - an amulet of magic regeneration (around neck)
 D - a ring of magical power (right hand)
Wands
 s - a wand of flame (12)
 y - a wand of mindburst (39)
 H - a wand of charming (10)
 I - a wand of polymorph (8)
Scrolls
 a - 5 scrolls of noise {unknown}
 h - 2 scrolls of torment {unknown}
 j - 2 scrolls of enchant weapon {unknown}
 m - 13 scrolls of identify {unknown}
 q - 9 scrolls of teleportation {unknown}
 v - a scroll of fear {unknown}
 x - a scroll of enchant armour {unknown}
 E - a scroll of blinking {unknown}
 F - a scroll of magic mapping {unknown}
Potions
 b - a potion of magic
 c - 3 potions of attraction {unknown}
 g - 5 potions of heal wounds {unknown}
 i - a potion of ambrosia {unknown}
 k - 4 potions of berserk rage {unknown}
 l - 6 potions of might {unknown}
 t - 2 potions of mutation {unknown}
 u - a potion of brilliance {unknown}
 w - a potion of haste {unknown}
 z - 2 potions of curing {unknown}
 G - a potion of cancellation {unknown}
 J - a potion of lignification {unknown}
 K - 2 potions of flight {unknown}
 L - a potion of degeneration {unknown}
 M - a potion of resistance {unknown}


   Skills:
 - Level 5.0 Fighting
 - Level 1.7 Dodging
 - Level 1.7 Stealth
 + Level 9.0 Spellcasting
 + Level 9.2 Conjurations


You had 20 spell levels left.
You knew the following spells:

 Your Spells              Type           Power      Damage    Failure   Level
a - Magic Dart            Conj           100%       1d8       1%          1
b - Searing Ray           Conj           100%       2d8       1%          2
c - Iskenderun's Mystic   Conj/Tloc      44%        2d10      7%          4

Your spell library contained the following spells:

 Spells                   Type           Power      Damage    Failure   Level
 Dazzling Flash           Conj/Hex       88%        N/A       1%          3
 Fulminant Prism          Conj/Hex       22%        3d13      7%          4


Dungeon Overview and Level Annotations

Branches:
Dungeon (8/15)             Temple (1/1) D:6           Sewer (visited)
   Lair: D:8-11

Annotations:
D:7 Prince Ribbit


Innate Abilities, Weirdness & Mutations

You have an increased reservoir of magic. (+10% MP)
You shall have no god before yourself.
Your divine heritage dramatically boosts your attributes as you level up.


Message History

f - 2 curare-tipped darts (gained 1)
q - 9 scrolls labelled FEOSAP TUNTEX (gained 1)
a - 5 scrolls labelled DEOMA RICIMEFF (gained 1)
k - 4 fizzy cyan potions (gained 1)
You now have 538 gold pieces (gained 12).
A centaur warrior comes into view.
The centaur warrior shouts!
The centaur warrior wields a +0 shortbow.
The centaur warrior shoots an arrow.
The arrow hits you!
Okay, then.
Unknown command.
Okay, then.
Unknown command.
Unknown command.
Throw: 2 darts (curare)
Press: ? - help, Shift-Dir - straight line, f - centaur warrior
Aim: a centaur warrior, wielding a +0 shortbow (64% to hit)
Okay, then.
Casting: Iskenderun's Mystic Blast (dangerous; 7% risk of failure)
Confirm with . or Enter, or press ? or * to list all spells.
Aiming: Searing Ray (safe; 1% risk of failure)
Press: ? - help, Shift-Dir - straight line, f - centaur warrior
Aim: a centaur warrior, wielding a +0 shortbow (87% to hit)
The searing ray misses the centaur warrior. (Press . to maintain the ray.)
The centaur warrior shoots an arrow.
The arrow hits you!
Unknown command.
The searing ray hits the centaur warrior.
The centaur warrior is lightly wounded.
The centaur warrior shoots an arrow.
The arrow hits you!
The centaur warrior shoots an arrow.
The arrow hits you.
The searing ray hits the centaur warrior.
The centaur warrior is lightly wounded.
The centaur warrior shoots an arrow.
The arrow hits you!
* * * LOW HITPOINT WARNING * * *
The searing ray hits the centaur warrior!
The centaur warrior is moderately wounded.
You finish channelling your searing ray.
The centaur warrior shoots an arrow.
The arrow hits you!!
You die...

.#. #..##..
##..#..##########.. .#. ##..#
#..##..##...."..... .# #..##
##..#..##........... ## ##..#
#..##..##........... #..##
##..#..###........... ##..#
#..##..# #...).......
#..###..#..## #).)........
##..#..##..# c#)<)........
#..#..#.@##..#)))..).....
##...##....c.#.).).......
#...##########).........
.............#..).........
.......................#####
............###.........#....
...#.......####.#.).....#....
#.......#.###...........#....
...#..#...###...........#....


You could see a centaur warrior.

Vanquished Creatures
  A cyclops (D:8)
  5 humans (D:7)
  3 steam dragons
  The ghost of kalagan the Conjurer, an amateur DECj of Sif Muna (D:3)
  4 orc warriors
  A sky beast (D:7)
  An ice beast (D:6)
  3 ogres
  A centaur (D:8)
  Blork the orc (D:6)
  4 bullfrogs
  A scorpion (D:6)
  9 killer bees
  4 hounds
  2 jellies
  Crazy Yiuf (D:3)
  A gnoll bouda (D:8)
  6 orc priests
  2 bullfrog skeletons (D:3)
  Ijyb (D:3)
  Terence (D:3)
  8 iguanas
  Natasha (thrice) (D:3)
  8 orc wizards
  A howler monkey skeleton (D:3)
  A howler monkey zombie (D:3)
  7 gnolls
  14 adders
  5 river rats
  A shadow imp (D:6)
  2 dart slugs
  49 orcs
  9 ball pythons
  9 endoplasms
  7 giant cockroaches
  6 goblins
  10 hobgoblins
  6 jackals
  10 kobolds
  3 quokkas
  4 bats
  2 frilled lizards (Sewer)
  8 rats
226 creatures vanquished.

Vanquished Creatures (others)
  An orc (D:8)
  A fungus (D:3)
  11 plants (Sewer)
13 creatures vanquished.

Grand Total: 239 creatures vanquished

Notes
Turn   | Place    | Note
-------+----------+-------------------------------------------
     0 | D:1      | Labrat the Demigod Conjurer began the quest for the Orb.
     0 | D:1      | Reached XP level 1. HP: 14/14 MP: 5/5
   376 | D:1      | Reached XP level 2. HP: 20/20 MP: 1/7
   459 | D:1      | Learned a level 2 spell: Searing Ray
  1151 | D:2      | Reached XP level 3. HP: 26/26 MP: 6/9
  1153 | D:2      | Identified the +11 whip "Eveuw" {speed, Drain rN+++ rCorr
                  | Dex-3}
  2400 | D:3      | Found a transporter.
  2422 | D:3      | Noticed Terence
  2431 | D:3      | Killed Terence
  2432 | D:3      | Reached XP level 4. HP: 30/33 MP: 11/11
  2435 | D:3      | Found a transporter.
  2446 | D:3      | Noticed kalagan's ghost (amateur DECj)
  2631 | D:3      | Found a glowing drain.
  2646 | D:3      | Noticed Natasha
  2687 | Sewer    | Entered a sewer
  2930 | Sewer    | Reached XP level 5. HP: 38/38 MP: 13/13
  2967 | Sewer    | Reached skill level 5 in Conjurations
  3650 | D:3      | Noticed Ijyb
  3662 | D:3      | Killed Ijyb
  4382 | D:3      | Killed Natasha
  4668 | D:3      | Noticed Natasha
  4678 | D:3      | Killed Natasha
  4679 | D:3      | Reached XP level 6. HP: 38/45 MP: 15/15
  4733 | D:3      | Noticed Natasha
  4745 | D:3      | Killed Natasha
  5049 | D:4      | You fall into a shaft and drop 3 floors!
  5222 | D:6      | Noticed a steam dragon
  5387 | D:6      | Noticed a steam dragon
  5396 | D:6      | Killed a steam dragon
  5397 | D:6      | Reached skill level 5 in Spellcasting
  5397 | D:6      | Reached XP level 7. HP: 14/50 MP: 14/18
  5763 | D:5      | Entered Level 5 of the Dungeon
  5947 | D:5      | Learned a level 4 spell: Iskenderun's Mystic Blast
  7338 | D:6      | Noticed Blork the orc
  7347 | D:6      | Killed Blork the orc
  7348 | D:6      | Reached XP level 8. HP: 57/57 MP: 20/20
  7435 | D:6      | Found a staircase to the Ecumenical Temple.
  7449 | Temple   | Entered the Ecumenical Temple
  8071 | D:7      | Noticed Prince Ribbit
  8157 | D:7      | Reached skill level 1 in Fighting
  8255 | D:7      | Reached XP level 9. HP: 68/68 MP: 25/25
  9140 | D:8      | Reached skill level 5 in Fighting
  9262 | D:3      | Killed kalagan's ghost
  9405 | D:3      | Found a runed translucent door.
  9406 | D:3      | Noticed Crazy Yiuf
  9411 | D:3      | Killed Crazy Yiuf
 10157 | D:8      | Found a transporter.
 10179 | D:8      | Found a transporter.
 10227 | D:8      | Found a transporter.
 10241 | D:8      | Found a transporter.
 10283 | D:8      | Noticed a cyclops
 10361 | D:8      | Killed a cyclops
 10362 | D:8      | Reached XP level 10. HP: 81/81 MP: 27/27
 10503 | D:8      | Noticed a centaur warrior
 10508 | D:8      | Shot with an arrow by a centaur warrior

Illustrated notes

Levels and vault maps discovered:
D:1:      dpeg_arrival_arbitrary_b, layout_basic,
          shapermc_ecumenical_altar_starsandcircs
D:2:      minmay_diamond_boxcup, layout_basic
D:3:      layout_loops_cross, gammafunk_ghost_mausoleum, portal_sewer_entry_a,
          uniq_ijyb, uniq_natasha, uniq_crazy_yiuf_cottage, uniq_terence
D:4:      layout_loops_ring, nicolae_tso_swordbearing_angel, sigmund_army
D:5:      layout_basic
D:6:      layout_rooms, minmay_temple_entry_glassed_door,
          small_statue_intersection, uniq_blork_the_orc
D:7:      layout_loops_ring, mainiacjoe_overflow_tiny_flanked, minmay_ruffians,
          uniq_prince_ribbit1
D:8:      minmay_tri_box, layout_rooms, special_room [special_room_orc],
          nicolae_transporter_intersection
Temple:   bh_familiar_temple

Skill      XL: |  1  2  3  4  5  6  7  8  9 |
---------------+----------------------------+-----
Spellcasting   | 2 3 4 5 6 8 9 |  9.0
Conjurations   | 4 5 6 7 8 9 |  9.2
Fighting       | 2 5 |  5.0
Dodging        | |  1.7
Stealth        | |  1.7

Action                   |  1- 3 |  4- 6 |  7- 9 | 10-12 || total
-------------------------+-------+-------+-------+-------++-------
Melee: Unarmed           |     3 |       |       |       ||     3
       Whip              |    13 |    16 |   111 |       ||   140
Throw: Dart              |       |       |     2 |       ||     2
 Cast: Magic Dart        |    87 |    76 |   160 |       ||   323
       Searing Ray       |     2 |    19 |    42 |     1 ||    64
       Iskenderun's Myst |       |       |     8 |       ||     8
Armor: Robe              |     5 |     2 |       |       ||     7
       Steam dragon scal |       |       |    58 |       ||    58
Dodge: Dodged            |    15 |    19 |   102 |       ||   136
Block: Buckler           |     2 |     2 |    16 |       ||    20
